 Dungeon Crawl Stone Soup version 0.32-a0-172-gc5dd13f2a7 (webtiles) character file.

Game seed: 7608142715496473227

12454 Pooter the Cleaver (level 11, 0/151 HPs)
             Began as a Minotaur Berserker on Feb 12, 2024.
             Was a Priest of Trog.
             Slain by Donald
             ... wielding a +0 scimitar
              (27 damage)
             ... on level 1 of the Orcish Mines on Feb 13, 2024.
             The game lasted 00:54:12 (12824 turns).

Pooter the Cleaver (Minotaur Berserker)            Turns: 12824, Time: 00:54:12

Health: 0/151      AC: 17    Str: 23    XL:     11   Next: 62%
Magic:  10/10      EV:  7    Int:  4    God:    Trog [***...]
Gold:   742        SH:  5    Dex: 13    Spells: 10/10 levels left

rFire   + . .        a - +3 war axe (heavy)
rCold   . . .        (no shield)
rNeg    . . .        s - +4 plate armour
rPois   .            (helmet restricted)
rElec   .            (no cloak)
rCorr   .            (no gloves)
SInv    .            j - +1 pair of boots
Will    .....        m - amulet of reflection Stlth
                     F - ring of protection from fire
HPRegen 0.45/turn    (no ring)
MPRegen 0.12/turn

%: reflection
@: berserking (expiring), very quick
A: horns 2, retaliatory headbutt
a: Renounce Religion, Berserk, Trog's Hand


You were on level 1 of the Orcish Mines.
You worshipped Trog.
Trog was most pleased with you.
You visited 2 branches of the dungeon, and saw 12 of its levels.
You also visited: Sewer.

You collected 959 gold pieces.
You spent 217 gold pieces at shops.

Inventory:

Hand Weapons
 a - a +3 heavy war axe (weapon)
   (You took it off an orc priest on level 3 of the Dungeon)
 b - a +0 arbalest of draining
   (You bought it in a shop on level 1 of the Orcish Mines)
 c - a +0 war axe
   (You took it off an orc on level 6 of the Dungeon)
 d - a +2 dire flail
   (You took it off a wight on level 8 of the Dungeon)
 n - a +3 war axe of freezing
   (You took it off a wight on level 7 of the Dungeon)
 y - a +3 heavy scythe
   (You took it off Sigmund on level 3 of the Dungeon)
 z - a +0 hand axe
 B - a +6 mace of draining
   (You found it on level 5 of the Dungeon)
 I - a +0 sling
   (You took it off a goblin on level 2 of the Dungeon)
 J - the +8 scimitar of Destiny {speed, rF+ rC+}
   (You took it off an orc on level 9 of the Dungeon)

   rF+:       It protects you from fire.
   rC+:       It protects you from cold.
Missiles
 h - 10 boomerangs (quivered)
 k - 2 curare-tipped darts
 q - 20 poisoned darts
 Q - 86 stones
Armour
 j - a +1 pair of boots (worn)
   (You found it on level 7 of the Dungeon)
 s - a +4 plate armour (worn)
   (You took it off an orc warrior on level 8 of the Dungeon)
 C - +0 fire dragon scales
   (You found it on level 8 of the Dungeon)
 G - a +0 kite shield
   (You took it off a gnoll sergeant on level 5 of the Dungeon)
Jewellery
 m - an amulet of reflection (around neck)
   (You found it on level 2 of the Dungeon)
 F - a ring of protection from fire (left hand)
   (You found it on level 8 of the Dungeon)
Wands
 u - a wand of paralysis (17)
   (You took it off Ijyb on level 3 of the Dungeon)
 A - a wand of light (2)
   (You found it on level 5 of the Dungeon)
Scrolls
 l - 3 scrolls of blinking
 o - a scroll of revelation
 t - 3 scrolls of teleportation {@r4}
 v - a scroll of immolation {!r}
 E - a scroll of fog
Potions
 e - a potion of attraction {!q}
 f - a potion of resistance {unknown}
 g - 4 potions of cancellation
 p - 4 potions of haste {@q3}
 r - 2 potions of lignification {unknown}
 w - a potion of magic
 x - a potion of berserk rage {unknown}
 D - a potion of curing {unknown}
 K - a potion of invisibility


   Skills:
 + Level 10.4 Fighting
 * Level 14.1 Axes
 * Level 12.2 Ranged Weapons
 - Level 2.4 Armour
 - Level 3.7 Dodging
 + Level 3.4 Evocations


You had 10 spell levels left.
You didn't know any spells.
Your spell library was empty.

Dungeon Overview and Level Annotations

Branches:
Dungeon (10/15) Zot: 25634  Temple (0/1) D:7            Lair (0/5) D:10
    Orc (2/2) D:10 Zot: 11348   Sewer (visited)
    Elf: Orc:2

Altars:
Ashenzari
Cheibriados
Gozag
Hepliaklqana
Makhleb
Nemelex Xobeh
Okawaru
Ru
Sif Muna
Trog
Vehumet
Wu Jian
The Shining One

Shops:
Orc:1 (

Annotations:
D:4 1 runed translucent door, Crazy Yiuf
Orc:1 Donald


Innate Abilities, Weirdness & Mutations

You have a pair of horns on your head.
You reflexively headbutt those who attack you in melee.


Message History

a +0 scale mail; a +0 short sword; an orc skeleton
Found 36 gold pieces.
You now have 693 gold pieces (gained 36).
Found 28 gold pieces.
You now have 721 gold pieces (gained 28).
Found 21 gold pieces.
You now have 742 gold pieces (gained 21).
As you open the door, it creaks loudly!
You open the door.
Done exploring.
There is a stone staircase leading down here.
You climb downwards.
Donald shouts!
Found 64 gold pieces.
Found a stone staircase leading up.
There is a stone staircase leading up here.
You shoot a bolt.
The bolt hits Donald but does no damage.
You shoot a bolt.
Donald blocks the bolt.
You shoot a bolt. The bolt barely misses Donald.
Donald mumbles some strange words.
Donald seems to speed up.
You shoot a bolt. The bolt barely misses Donald.
Donald says, "This is such a pointless quest."
a - a +3 heavy war axe (weapon)
Donald gestures wildly while chanting.
Donald seems to grow stronger.
A red film seems to cover your vision as you go berserk!
You feel yourself moving faster!
You feel mighty! Donald hits you with a +0 scimitar!!!
You hear a shout! x4
You slash Donald!
Donald says, "I considered Trog, but the aftereffects of berserk scare me."
Donald hits you with a +0 scimitar!
You hit Donald. Donald blocks your attack. Donald hits you with a +0 scimitar!!
* * * LOW HITPOINT WARNING * * *
Donald hits you with a +0 scimitar!!
* * * LOW HITPOINT WARNING * * *
Donald blocks your attack.
You headbutt Donald!
An orc warrior comes into view. It is wielding a +0 flail.
Donald hits you but does no damage.
You slash Donald! Donald hits you with a +0 scimitar!
* * * LOW HITPOINT WARNING * * *
Donald hits you with a +0 scimitar!
* * * LOW HITPOINT WARNING * * *
You climb upwards.
You feel a strong urge to attack something.
There is a stone staircase leading down here.
You hit Donald. Donald hits you with a +0 scimitar!!
You die...
Donald says, "Well, maybe you weren't so bad after all."

..................##........#
........)...................#
.....#..)...................##
......)......................#
.........#).##..............##
#..##.......................##
####...................#.....#
.##....#........@..#..#.....##
................@............#
.#....................##....##
.....................####..##
......................##...#
#.................##...##.##
##...#..^........###..#.###
###.............###......#
.#.......#.....## ##.##.##
.....#...##..### ######


You could see Donald (fast, strong).

Vanquished Creatures
  A centaur warrior (D:9)
  A flayed ghost (D:8)
  An orc knight (D:10)
  An orc sorcerer (Orc:1)
  A manticore (D:10)
  Joseph (D:8)
  A kobold blastminer (Orc:1)
  A komodo dragon (D:10)
  Psyche (D:8)
  A troll (D:9)
  Prince Ribbit (D:8)
  2 hornets (D:8)
  Sigmund (D:3)
  A vampire (D:9)
  5 wraiths
  A shadow (D:8)
  3 yaks (D:10)
  A wyvern (D:10)
  2 fire bats (D:8)
  A warg (D:10)
  2 steam dragons
  Edmund (D:4)
  12 orc warriors
  A black bear (D:6)
  3 sky beasts
  3 ogres
  A phantom (D:5)
  3 centaurs
  3 kobold brigands (Sewer)
  2 bullfrogs
  3 gnoll sergeants
  A scorpion (D:6)
  13 wights
  16 killer bees
  5 hounds
  A bombardier beetle (D:5)
  A jelly (D:5)
  10 orc priests
  A gnoll bouda (D:8)
  14 orc wizards
  2 sleepcaps
  4 iguanas
  Ijyb (D:3)
  A statue (D:9)
  Robin (D:2)
  16 gnolls
  10 adders
  3 river rats (Sewer)
  2 white imps (D:6)
  6 ufetubi
  6 dart slugs
  8 ribbon worms
  54 orcs
  8 endoplasms
  4 giant cockroaches
  12 goblins
  10 hobgoblins
  4 jackals (D:2)
  3 quokkas
  11 ball pythons
  16 bats
  A frilled lizard (D:2)
  11 kobolds
  7 rats
325 creatures vanquished.

Notes
Turn   | Place    | Note
-------+----------+-------------------------------------------
     0 | D:1      | Pooter the Minotaur Berserker began the quest for the Orb.
     0 | D:1      | Reached XP level 1. HP: 19/19 MP: 0/0
   148 | D:1      | Reached XP level 2. HP: 25/27 MP: 1/1
   159 | D:1      | Reached skill level 4 in Axes
   336 | D:1      | Found a faded altar of an unknown god.
   520 | D:1      | Reached XP level 3. HP: 33/33 MP: 2/2
   819 | D:2      | Reached ** piety under Trog
   820 | D:2      | Reached XP level 4. HP: 40/40 MP: 3/3
  1118 | D:2      | Noticed Robin
  1125 | D:2      | Killed Robin
  1186 | D:2      | Identified the +1 leather armour of Trial and Error {rPois
                  | Str+5 Int-4 SInv}
  1396 | D:2      | Reached skill level 5 in Axes
  1712 | D:3      | Noticed Sigmund
  1807 | D:3      | Found a glowing golden altar of the Shining One.
  1821 | D:3      | Found a bloodstained altar of Trog.
  1894 | D:3      | Reached skill level 1 in Ranged Weapons
  1977 | D:3      | Found a shimmering blue altar of Sif Muna.
  2027 | D:3      | Reached XP level 5. HP: 47/47 MP: 4/4
  2086 | D:3      | Found an opulent altar of Gozag.
  2086 | D:3      | Found an ornate altar of the Wu Jian Council.
  2177 | D:3      | Killed Sigmund
  2178 | D:3      | Reached XP level 6. HP: 55/55 MP: 5/5
  2408 | D:3      | Reached skill level 6 in Axes
  2558 | D:4      | Reached skill level 5 in Fighting
  2703 | D:4      | Noticed a sky beast
  2708 | D:4      | Noticed Ijyb
  2741 | D:3      | Killed Ijyb
  2750 | D:3      | Killed a sky beast
  2751 | D:3      | Reached XP level 7. HP: 19/61 MP: 6/6
  3139 | D:4      | Noticed Edmund
  3143 | D:4      | Killed Edmund
  3144 | D:4      | Reached skill level 7 in Axes
  3244 | D:4      | Found a runed translucent door.
  3245 | D:4      | Noticed Crazy Yiuf
  3431 | D:5      | Entered Level 5 of the Dungeon
  3697 | D:5      | Reached skill level 5 in Ranged Weapons
  3786 | D:5      | Found a snail-covered altar of Cheibriados.
  3820 | D:5      | Reached XP level 8. HP: 64/70 MP: 7/7
  3857 | D:5      | Reached skill level 8 in Axes
  3941 | D:5      | Found an iron altar of Okawaru.
  3943 | D:5      | Reached *** piety under Trog
  4366 | D:6      | Found a glowing drain.
  4381 | Sewer    | Entered a sewer
  4948 | Sewer    | Reached skill level 9 in Axes
  5115 | D:6      | Reached **** piety under Trog
  6212 | D:6      | Reached XP level 9. HP: 50/79 MP: 8/8
  6896 | D:7      | Reached skill level 10 in Axes
  7242 | D:7      | Found a staircase to the Ecumenical Temple.
  7925 | D:8      | Reached skill level 11 in Axes
  8403 | D:8      | Found a runed translucent door.
  8427 | D:8      | Found a sparkling altar of Nemelex Xobeh.
  8437 | D:8      | Found a sacrificial altar of Ru.
  8490 | D:8      | Found a broken altar of Ashenzari.
  8493 | D:8      | Found a burning altar of Makhleb.
  8497 | D:8      | Reached XP level 10. HP: 90/90 MP: 9/9
  8616 | D:8      | Found a hazy altar of Hepliaklqana.
  8645 | D:8      | Reached skill level 12 in Axes
  8645 | D:8      | Reached skill level 10 in Ranged Weapons
  8652 | D:8      | Found an iron altar of Okawaru.
  8722 | D:8      | Noticed Joseph
  8734 | D:8      | Killed Joseph
  8770 | D:8      | Noticed Psyche
  8776 | D:8      | Killed Psyche
  8953 | D:8      | Noticed Prince Ribbit
  8960 | D:8      | Killed Prince Ribbit
  9081 | D:8      | Noticed a flayed ghost
  9092 | D:8      | Killed a flayed ghost
  9093 | D:8      | Reached skill level 1 in Evocations
  9964 | D:9      | Identified the +8 scimitar of Destiny {speed, rF+ rC+}
 10151 | D:9      | Noticed a centaur warrior
 10157 | D:9      | Killed a centaur warrior
 10158 | D:9      | Reached skill level 13 in Axes
 10171 | D:9      | Reached XP level 11. HP: 99/99 MP: 10/10
 10187 | D:9      | Found a radiant altar of Vehumet.
 10877 | D:10     | Entered Level 10 of the Dungeon
 11107 | D:10     | Found a broken altar of Ashenzari.
 11289 | D:10     | Reached skill level 10 in Fighting
 11359 | D:10     | Found a staircase to the Lair.
 11734 | D:10     | Found a staircase to the Orcish Mines.
 11747 | Orc:1    | Entered Level 1 of the Orcish Mines
 11747 | Orc:1    | Noticed an orc knight
 11747 | Orc:1    | Noticed an orc sorcerer
 11991 | D:10     | Killed an orc knight
 12151 | Orc:1    | Killed an orc sorcerer
 12152 | Orc:1    | Reached skill level 14 in Axes
 12274 | Orc:1    | Found Ichirot's Antique Weapon Emporium.
 12277 | Orc:1    | Bought a runed arbalest for 217 gold pieces
 12811 | Orc:2    | Entered Level 2 of the Orcish Mines
 12811 | Orc:2    | Noticed Donald
 12824 | Orc:1    | Slain by Donald

Illustrated notes

Levels and vault maps discovered:
D:1:      dpeg_arrival_line_fractal, layout_loops_ring,
          hellmonk_ecumenical_altar_arch_garden, minmay_pentomino_w4
D:2:      layout_loops_ring, serial_aquarium, aquarium_bridge_square
          [aquarium_subvault_bridge, aquarium_subvault_bridge,
          aquarium_subvault_wall, aquarium_subvault_bridge],
          aquarium_bridge_straight [aquarium_subvault_bridge,
          aquarium_subvault_wall, aquarium_subvault_bridge,
          aquarium_subvault_window], aquarium_window_fake, aquarium_window_2,
          aquarium_view_2d, aquarium_view_2b, corexii_item_surrounded_by_moat,
          minmay_fractal_squares_gapless_5, uniq_robin
D:3:      layout_loops_ring, tso_metal_star,
          mainiacjoe_overflow_small_starburst, lemuel_doored_altar,
          gammafunk_temple_overflow_elements, uniq_sigmund
D:4:      layout_rooms, nicolae_overflow_hidden_temple, uniq_edmund, uniq_ijyb,
          uniq_crazy_yiuf_cottage
D:5:      layout_basic, slow_altar_1, okawaru_altar_gauntlet_db,
          grunt_tough_drop
D:6:      layout_cave_pods, cheibrodos_sewer_entry_bend, minivault_5,
          nicolae_grassy_gnolls
D:7:      layout_loops_cross, minmay_temple_entry_offerings
D:8:      due_megacathedral, layout_rooms, uniq_joseph, uniq_psyche,
          uniq_prince_ribbit1
D:9:      layout_irregular_city, vehumet_statue,
          serial_library_regret_index_split_case
D:10:     layout_rooms, nicolae_ashenzari_panopticon, david_lair_shrubbed,
          david_orc_4
Orc:1:    layout_caves, serial_shops, nicolae_shop_real_fake_doors
Orc:2:    st_orc_rangers, layout_diamond_mine, serial_shops,
          nicolae_shop_window_shopping, shop, shop, shop_coins,
          regret_index_minedec_shroomtown_chain, minmay_orc_temple_c,
          uniq_donald

Skill      XL: |  1  2  3  4  5  6  7  8  9 10 11 |
---------------+----------------------------------+-----
Axes           | 4 5 6 7 9 11 13 14 | 14.1
Dodging        | 3 |  3.7
Fighting       | 4 5 6 7 8 9 10 | 10.4
Ranged Weapons | 1 2 3 5 7 9 11 12 | 12.2
Evocations     | 2 3 |  3.4
Armour         | |  2.4

Action                     |  1- 3 |  4- 6 |  7- 9 | 10-12 || total
---------------------------+-------+-------+-------+-------++-------
  Melee: Hand axe          |    60 |    45 |       |       ||   105
         Headbutt          |    10 |     7 |    31 |    28 ||    76
         Halberd           |       |    28 |     2 |       ||    30
         War axe           |       |       |   216 |   185 ||   401
   Fire: Sling             |       |     9 |     9 |       ||    18
         Orcbow            |       |       |    20 |    32 ||    52
         Arbalest          |       |       |       |    18 ||    18
  Throw: Dart              |       |     2 |    10 |       ||    12
         Boomerang         |       |       |       |     3 ||     3
 Invoke: Berserk           |     1 |     3 |     8 |    11 ||    23
         Trog's Hand       |       |     6 |     6 |    16 ||    28
  Evoke: Wand              |       |       |     4 |     2 ||     6
    Use: Scroll            |       |     6 |    13 |     2 ||    21
         Potion            |       |       |     2 |     1 ||     3
   Stab: Paralysed         |       |       |     1 |     3 ||     4
 Armour: Ring mail         |    40 |    65 |   130 |       ||   235
         Animal skin       |     2 |       |       |       ||     2
         Chain mail        |       |       |    55 |       ||    55
         Plate armour      |       |       |     9 |   311 ||   320
  Dodge: Dodged            |    31 |    58 |   160 |    99 ||   348
  Block: Other             |       |    12 |    57 |    56 ||   125
         Kite shield       |       |       |    21 |       ||    21
         Reflection        |       |       |     4 |     5 ||     9

Table legend: (Time is in decaauts)
 A = Elapsed time spent in this place.
 B = Non-inter-level travel time spent in this place.
 C = Inter-level travel time spent in this place.
 D = Time resting spent in this place.
 E = Time spent auto-exploring this place.
 F = Levels seen in this place.
 G = Mean time per level.
                   A        B        C        D        E       F      G
               +--------+--------+--------+--------+--------+-----+--------+
         Total |  13417 |  13129 |    288 |   3719 |   6960 |  13 | 1032.1 |
       Dungeon |  11957 |  11681 |    276 |   3452 |   6153 |  10 | 1195.7 |
  Orcish Mines |    650 |    638 |     12 |    267 |    210 |   2 |  325.0 |
         Sewer |    809 |    809 |      0 |      0 |    596 |   1 |  809.0 |
               +--------+--------+--------+--------+--------+-----+--------+

Top non-repeatable levels by time:
     D:9: 1637 daAuts
     D:5: 1465 daAuts
     D:8: 1444 daAuts
     D:6: 1404 daAuts
    D:10: 1365 daAuts
     D:3: 1136 daAuts
     D:7: 1116 daAuts
     D:2: 906 daAuts
   Sewer: 809 daAuts
     D:1: 808 daAuts
     D:4: 672 daAuts
   Orc:1: 637 daAuts
   Orc:2: 12 daAuts
